 Dungeon Crawl Stone Soup version 0.21-a0-426-g98080a9 (webtiles) character file.

65 zodiak12 the Shield-Bearer (level 3, -5/43 HPs)
             Began as a Demonspawn Fighter on Nov 6, 2017.
             Slain by Sigmund
             ... wielding a +0 scythe
              (6 damage)
             ... on level 2 of the Dungeon.
             The game lasted 00:05:12 (1552 turns).

zodiak12 the Shield-Bearer (Demonspawn Fighter)     Turns: 1552, Time: 00:05:13

Health: -5/43      AC: 21    Str: 21    XL:     3   Next: 92%
Magic:  3/3        EV:  2    Int:  9    God:
Gold:   106        SH: 15    Dex: 13    Spells: 2/2 levels left

rFire    . . .     SeeInvis .   a - +0 long sword
rCold    . . .     Gourm    .   c - +1 shield
rNeg     + + +     Faith    .   (armour currently unavailable)
rPois    +         Spirit   .   (helmet currently unavailable)
rElec    .         Reflect  +   (cloak currently unavailable)
rCorr    +         Harm     .   (gloves currently unavailable)
MR       .....     NoTele   +   (boots currently unavailable)
Stlth    +.........             l - +5 amulet of reflection
HPRegen  0.14/turn              g - ring of resist corrosion
MPRegen  0.08/turn              n - +1 ring of evasion

@: mighty, tree-form
A: no striking features
a: no special abilities


You were on level 2 of the Dungeon.
You were not hungry.
You were a tree.
You visited 1 branch of the dungeon, and saw 2 of its levels.

You collected 106 gold pieces.

Inventory:

Hand Weapons
 a - a +0 long sword (weapon)
Armour
 b - a +0 scale mail (melded)
 c - a +1 shield (worn)
Jewellery
 g - a ring of resist corrosion (left branch)
 l - a +5 amulet of reflection (around neck)
 n - a +1 ring of evasion (right branch)
Scrolls
 e - 2 scrolls of identify
 k - a scroll of remove curse {unknown}
 m - a scroll of enchant weapon {unknown}
 o - 2 scrolls of teleportation
Comestibles
 f - 4 bread rations
 i - 8 chunks of flesh
 j - a royal jelly
 p - 2 meat rations


   Skills:
 + Level 3.4 Fighting
 + Level 2.2 Long Blades
 + Level 3.0 Armour
 + Level 0.3 Dodging
 + Level 3.5 Shields


You had 2 spell levels left.
You didn't know any spells.

Dungeon Overview and Level Annotations

Branches:
Dungeon (2/15)

Altars:

Annotations:
D:2 Sigmund


Innate Abilities, Weirdness & Mutations

((You have very sharp fingernails.))


Message History

You slash something! You block something's attack.
You closely miss something. Something hits you.
* * * LOW HITPOINT WARNING * * *
You miss something. Something hits you!
* * * LOW HITPOINT WARNING * * *
Your shield prevents you from hitting something.
It was a potion of lignification.
You turn into a tree.
Your +0 scale mail melds into your body.
Your roots penetrate the ground.
You hear some strange, mumbled words.
A magic dart appears from out of thin air!
The magic dart hits you!
You feel very mighty all of a sudden. Something hits you but does no damage.
You closely miss something. You block something's attack.
You closely miss something. Something hits you.
* * * LOW HITPOINT WARNING * * *
You miss something. Something hits you but does no damage.
You slash something! Something hits you.
You die...

+.>...'......................÷
#.....##.##..########.####...#
#.....##.# #.# #.# #...#
########.# #.# #.# ##### #.#
#.## #.# #.# ..# #.# ## #.#
#.# #.# #. #...##{##### #.# #.
#.....♣....# #.# #.
#.#####.##.# #.# #. #.....#
#.# #. #.#.### #.# ### #.#..#
#.# #.. #.##.# #.# #.# #. #.##
#.# #.. .. #..# #.# ### ##
##.# #.# #


There were no monsters in sight!

Vanquished Creatures
  2 adders (D:2)
  A worm (D:2)
  3 dart slugs
  2 leopard geckos (D:1)
  7 bats
  2 giant cockroaches (D:1)
  2 goblins
  7 hobgoblins
  A kobold (D:1)
  A ball python (D:1)
  A frilled lizard (D:1)
  4 rats (D:1)
33 creatures vanquished.

Notes
Turn   | Place    | Note
-------+----------+-------------------------------------------
     0 | D:1      | zodiak12 the Demonspawn Fighter began the quest for the Orb.
     0 | D:1      | Reached XP level 1. HP: 18/18 MP: 1/1
    58 | D:1      | Gained mutation: You have sharp fingernails. [demonic ancestry]
    58 | D:1      | Reached XP level 2. HP: 18/24 MP: 2/2
  1039 | D:2      | Gained mutation: You have very sharp fingernails. [demonic ancestry]
  1039 | D:2      | Reached XP level 3. HP: 6/29 MP: 3/3
  1519 | D:2      | Noticed Sigmund
  1545 | D:2      | HP: 1/29 [something (7)]
  1550 | D:2      | HP: 1/43 [something (1)]
  1552 | D:2      | Slain by Sigmund

Vault maps used:
D:1:      lightli_iron_boxes
D:2:      uniq_sigmund

Skill      XL: |  1  2  3 |
---------------+----------+-----
Shields        | 3 |  3.5
Long Blades    | 2 |  2.2
Armour         | 3 |  3.0
Fighting       | |  3.4
Dodging        | |  0.3

Action                   || total
-------------------------++-------
Melee: Long sword        ||   118
  Use: Scroll            ||     6
       Potion            ||     4
  Eat: Chunk             ||     2
Armor: Scale mail        ||   103
       Skin              ||     3
Dodge: Dodged            ||    66
Block: Shield            ||   117
       Reflection        ||     1
       Rpst.: Long sword ||    18

Table legend:
 A = Spawn XP
 B = Non-spawn XP
 C = Spawn XP percentage of total XP
 D = Spawn monster count
 E = Non-spawn monster count
 F = Spawn count percentage of total count
 G = Total turns spent on level
                    A         B        C        D         E        F      G
               +---------+---------+-------+---------+---------+-------+---------
         Total |       0 |      93 |   0.0 |       0 |      33 |   0.0 |  1552
               +---------+---------+-------+---------+---------+-------+---------
           D:1 |       0 |      38 |   0.0 |       0 |      21 |   0.0 |  1025
           D:2 |       0 |      55 |   0.0 |       0 |      12 |   0.0 |   527
               +---------+---------+-------+---------+---------+-------+---------
